[ AOE2 MATCH · #468638125 ]
UnrankedKhmer vs Franks
[ REPLAY ANALYSIS · EXTRACTED FROM THE RECORDED GAME ]
Feudal
9:06
Castle
21:52
Imperial
—
| APM avg | 46.5 |
| APM peak | 79 |
| eAPM avg | 23.7 |
| Villagers / military | 99 / 98 |
Focus
⚔️ 39.5% · 🌾 60.5%
Battle Elephant ×78 · Scout Cavalry ×20
Feudal
8:32
Castle
26:50
Imperial
—
| APM avg | 44.7 |
| APM peak | 94 |
| eAPM avg | 22.5 |
| Villagers / military | 65 / 64 |
Focus
⚔️ 60.8% · 🌾 39.2%
Knight ×35 · Scout Cavalry ×28 · Spearman ×1
Feudal
8:24
Castle
22:06
Imperial
—
| APM avg | 60.3 |
| APM peak | 102 |
| eAPM avg | 28.6 |
| Villagers / military | 88 / 157 |
Focus
⚔️ 53.1% · 🌾 46.9%
Archer ×157
Feudal
8:51
Castle
23:16
Imperial
—
| APM avg | 79.3 |
| APM peak | 119 |
| eAPM avg | 38.5 |
| Villagers / military | 110 / 86 |
Focus
⚔️ 59.4% · 🌾 40.6%
Archer ×78 · Spearman ×5 · Battering Ram ×2 · Monk ×1
Feudal
14:00
Castle
21:14
Imperial
—
| APM avg | 39.6 |
| APM peak | 77 |
| eAPM avg | 17.8 |
| Villagers / military | 54 / 4 |
Focus
⚔️ 52.4% · 🌾 47.6%
Militia ×4
Feudal
8:55
Castle
23:02
Imperial
—
| APM avg | 69.5 |
| APM peak | 115 |
| eAPM avg | 31.0 |
| Villagers / military | 114 / 132 |
Focus
⚔️ 51.1% · 🌾 48.9%
Knight ×104 · Scout Cavalry ×28
Feudal
9:24
Castle
25:01
Imperial
—
| APM avg | 60.8 |
| APM peak | 91 |
| eAPM avg | 27.6 |
| Villagers / military | 76 / 73 |
Focus
⚔️ 44.4% · 🌾 55.6%
Knight ×43 · Scout Cavalry ×30
Feudal
8:57
Castle
21:26
Imperial
—
| APM avg | 46.0 |
| APM peak | 77 |
| eAPM avg | 25.8 |
| Villagers / military | 115 / 109 |
Focus
⚔️ 56.0% · 🌾 44.0%
Archer ×107 · Scorpion ×2
Match map
Initial resources + every placement click. Lines = walls · curves = elevation contours. ◆ gold · ⬟ stone · ● berries · ✦ relic · ◌ wall gap
Inputs per minute
— 小花土 - - Nheltarion
Build order — 小花土
First 150 of 302 actions detected
| 0:00 | Create | Villager (Male) |
| 0:01 | Create | Villager (Male) |
| 0:02 | Build | House |
| 0:04 | Build | House |
| 0:14 | Create | Villager (Male) |
| 0:14 | Create | Villager (Male) |
| 1:26 | Create | Villager (Male) |
| 1:51 | Create | Villager (Male) |
| 1:51 | Create | Villager (Male) |
| 2:17 | Create | Villager (Male) |
| 2:41 | Build | Lumber Camp |
| 2:46 | Create | Villager (Male) |
| 2:47 | Create | Villager (Male) |
| 3:06 | Create | Villager (Male) |
| 3:30 | Build | House |
| 3:45 | Create | Villager (Male) |
| 3:45 | Create | Villager (Male) |
| 4:21 | Create | Villager (Male) |
| 4:21 | Create | Villager (Male) |
| 4:36 | Create | Villager (Male) |
| 4:36 | Create | Villager (Male) |
| 4:52 | Create | Villager (Male) |
| 5:20 | Create | Villager (Male) |
| 5:41 | Build | Mill |
| 5:43 | Create | Villager (Male) |
| 5:44 | Create | Villager (Male) |
| 6:25 | Research | Loom |
| 6:56 | Research | Feudal Age |
| 6:57 | Research | Feudal Age |
| 7:21 | Build | House |
| 7:30 | Build | Farm |
| 7:33 | Create | Villager (Male) |
| 7:46 | Create | Villager (Male) |
| 7:47 | Create | Villager (Male) |
| 7:59 | Build | Farm |
| 8:05 | Build | Farm |
| 8:17 | Create | Villager (Male) |
| 8:17 | Create | Villager (Male) |
| 9:06 | Age | Feudal Age |
| 9:09 | Build | Stable |
| 9:20 | Research | Horse Collar |
| 9:26 | Research | Double-Bit Axe |
| 9:26 | Research | Double-Bit Axe |
| 9:43 | Build | House |
| 9:53 | Create | Villager (Male) |
| 10:01 | Build | Farm |
| 10:02 | Create | Villager (Male) |
| 10:06 | Create | Scout Cavalry |
| 10:06 | Create | Scout Cavalry |
| 10:36 | Create | Villager (Male) |
| 10:41 | Build | Farm |
| 10:45 | Build | House |
| 10:49 | Create | Scout Cavalry |
| 10:57 | Build | Farm |
| 11:06 | Build | Palisade Wall |
| 11:10 | Create | Scout Cavalry |
| 11:16 | Create | Villager (Male) |
| 11:17 | Create | Villager (Male) |
| 11:20 | Build | Farm |
| 11:31 | Create | Villager (Male) |
| 11:36 | Build | Farm |
| 11:49 | Create | Villager (Male) |
| 11:58 | Create | Scout Cavalry |
| 12:23 | Create | Villager (Male) |
| 12:26 | Build | Farm |
| 12:27 | Build | Farm |
| 12:27 | Build | Farm |
| 12:27 | Build | Farm |
| 12:28 | Create | Villager (Male) |
| 12:30 | Build | House |
| 12:38 | Create | Scout Cavalry |
| 12:58 | Create | Scout Cavalry |
| 13:08 | Create | Scout Cavalry |
| 13:22 | Create | Scout Cavalry |
| 13:35 | Create | Villager (Male) |
| 13:42 | Create | Villager (Male) |
| 13:44 | Build | Farm |
| 13:44 | Build | Farm |
| 13:45 | Build | Farm |
| 14:02 | Create | Villager (Male) |
| 14:08 | Build | Blacksmith |
| 14:12 | Create | Scout Cavalry |
| 14:14 | Create | Villager (Male) |
| 14:23 | Create | Scout Cavalry |
| 14:29 | Create | Villager (Male) |
| 14:32 | Create | Villager (Male) |
| 14:34 | Build | Farm |
| 14:39 | Create | Scout Cavalry |
| 14:47 | Create | Scout Cavalry |
| 15:01 | Create | Scout Cavalry |
| 15:05 | Create | Villager (Male) |
| 15:08 | Build | House |
| 15:09 | Build | House |
| 15:14 | Research | Scale Barding Armor |
| 15:19 | Create | Scout Cavalry |
| 15:24 | Build | House |
| 15:26 | Build | House |
| 15:30 | Build | Palisade Wall |
| 15:33 | Create | Scout Cavalry |
| 15:41 | Build | Mining Camp |
| 15:48 | Create | Villager (Male) |
| 15:48 | Create | Villager (Male) |
| 15:49 | Create | Villager (Male) |
| 15:54 | Create | Scout Cavalry |
| 16:04 | Build | House |
| 16:07 | Build | Palisade Wall |
| 16:15 | Create | Scout Cavalry |
| 16:31 | Create | Villager (Male) |
| 16:42 | Create | Scout Cavalry |
| 16:50 | Create | Villager (Male) |
| 17:19 | Create | Villager (Male) |
| 17:35 | Create | Villager (Male) |
| 17:40 | Build | Palisade Wall |
| 17:41 | Build | House |
| 17:43 | Build | House |
| 17:45 | Build | Farm |
| 17:46 | Build | Farm |
| 17:46 | Build | Farm |
| 17:51 | Research | Bloodlines |
| 18:42 | Create | Villager (Male) |
| 18:52 | Create | Villager (Male) |
| 19:01 | Build | House |
| 19:03 | Build | Farm |
| 19:03 | Build | Farm |
| 19:03 | Build | Farm |
| 19:12 | Research | Castle Age |
| 19:13 | Research | Castle Age |
| 19:28 | Build | Palisade Wall |
| 19:41 | Build | Lumber Camp |
| 20:10 | Research | Gold Mining |
| 20:13 | Build | Farm |
| 20:23 | Build | Farm |
| 20:24 | Build | Farm |
| 20:41 | Build | Stable |
| 21:40 | Build | Stable |
| 21:48 | Create | Villager (Male) |
| 21:52 | Age | Castle Age |
| 21:55 | Create | Battle Elephant ×5 |
| 21:58 | Research | Chain Barding Armor |
| 22:01 | Create | Villager (Male) |
| 22:19 | Research | Forging |
| 22:31 | Create | Battle Elephant ×3 |
| 22:39 | Build | House |
| 22:46 | Create | Scout Cavalry |
| 22:46 | Create | Villager (Male) |
| 22:48 | Create | Battle Elephant |
| 22:49 | Create | Villager (Male) |
| 22:58 | Create | Battle Elephant |
| 23:00 | Create | Villager (Male) |
| 23:03 | Build | Farm |
Build order — Nheltarion
First 150 of 208 actions detected
| 0:01 | Create | Villager (Male) |
| 0:02 | Create | Villager (Male) |
| 0:02 | Create | Villager (Male) |
| 0:03 | Build | House |
| 0:03 | Build | House |
| 0:21 | Create | Villager (Male) |
| 1:28 | Create | Villager (Male) |
| 1:51 | Create | Villager (Male) |
| 2:04 | Build | Lumber Camp |
| 2:17 | Create | Villager (Male) |
| 2:28 | Create | Villager (Male) |
| 2:29 | Create | Villager (Male) |
| 2:57 | Create | Villager (Male) |
| 2:58 | Create | Villager (Male) |
| 3:12 | Build | House |
| 3:17 | Create | Villager (Male) |
| 3:17 | Create | Villager (Male) |
| 3:43 | Create | Villager (Male) |
| 3:43 | Create | Villager (Male) |
| 4:20 | Create | Villager (Male) |
| 4:23 | Create | Villager (Male) |
| 4:23 | Create | Villager (Male) |
| 4:43 | Create | Villager (Male) |
| 4:51 | Build | Mill |
| 4:54 | Create | Villager (Male) |
| 5:10 | Create | Villager (Male) |
| 6:22 | Research | Feudal Age |
| 6:22 | Research | Feudal Age |
| 7:12 | Build | House |
| 7:29 | Research | Loom |
| 7:34 | Build | Barracks |
| 8:32 | Age | Feudal Age |
| 8:34 | Build | Stable |
| 8:36 | Create | Villager (Male) |
| 8:57 | Create | Villager (Male) |
| 9:06 | Build | Farm |
| 9:10 | Build | Farm |
| 9:21 | Create | Scout Cavalry |
| 9:21 | Create | Scout Cavalry |
| 9:25 | Build | Palisade Wall |
| 9:27 | Build | Palisade Wall |
| 9:45 | Create | Villager (Male) |
| 9:53 | Build | House |
| 9:59 | Create | Scout Cavalry |
| 10:10 | Build | Farm |
| 10:12 | Build | Farm |
| 10:25 | Create | Villager (Male) |
| 10:26 | Create | Scout Cavalry |
| 10:29 | Build | House |
| 10:42 | Create | Villager (Male) |
| 10:54 | Build | Blacksmith |
| 11:02 | Build | Palisade Wall |
| 11:03 | Create | Villager (Male) |
| 11:12 | Create | Scout Cavalry |
| 11:20 | Create | Villager (Male) |
| 11:22 | Build | Farm |
| 11:39 | Build | Farm |
| 11:44 | Build | Palisade Wall |
| 12:05 | Create | Scout Cavalry |
| 12:13 | Research | Scale Barding Armor |
| 12:13 | Research | Scale Barding Armor |
| 12:17 | Create | Villager (Male) |
| 12:38 | Create | Scout Cavalry |
| 12:46 | Create | Villager (Male) |
| 13:14 | Create | Scout Cavalry |
| 13:17 | Build | Farm |
| 13:19 | Build | Farm |
| 13:19 | Create | Villager (Male) |
| 13:22 | Build | Farm |
| 13:27 | Build | House |
| 13:36 | Create | Villager (Male) |
| 13:43 | Build | Palisade Wall |
| 13:47 | Build | Farm |
| 13:53 | Build | Farm |
| 13:54 | Build | Farm |
| 14:12 | Create | Scout Cavalry |
| 14:12 | Create | Villager (Male) |
| 14:39 | Build | House |
| 14:40 | Build | House |
| 14:47 | Create | Scout Cavalry |
| 14:49 | Create | Villager (Male) |
| 15:04 | Research | Forging |
| 15:10 | Build | Farm |
| 15:11 | Build | Farm |
| 15:20 | Build | Farm |
| 15:22 | Build | Farm |
| 15:37 | Build | House |
| 15:43 | Create | Scout Cavalry |
| 15:43 | Create | Villager (Male) |
| 15:44 | Create | Villager (Male) |
| 15:50 | Build | Farm |
| 15:59 | Create | Scout Cavalry |
| 16:18 | Create | Villager (Male) |
| 16:20 | Build | Stable |
| 16:34 | Create | Villager (Male) |
| 16:43 | Create | Scout Cavalry |
| 16:50 | Create | Villager (Male) |
| 16:52 | Build | Farm |
| 17:00 | Create | Scout Cavalry |
| 17:05 | Build | Farm |
| 17:19 | Create | Scout Cavalry |
| 17:19 | Create | Scout Cavalry |
| 17:33 | Build | Farm |
| 17:34 | Build | Farm |
| 17:36 | Build | House |
| 17:37 | Build | House |
| 17:40 | Create | Scout Cavalry |
| 17:40 | Create | Scout Cavalry |
| 17:43 | Create | Spearman |
| 17:45 | Create | Villager (Male) |
| 18:05 | Create | Scout Cavalry |
| 18:39 | Create | Villager (Male) |
| 18:41 | Create | Scout Cavalry |
| 18:41 | Create | Scout Cavalry |
| 18:46 | Create | Villager (Male) |
| 19:13 | Build | Farm |
| 19:29 | Create | Scout Cavalry |
| 19:30 | Create | Villager (Male) |
| 19:45 | Build | Palisade Wall |
| 19:51 | Build | Lumber Camp |
| 19:56 | Create | Scout Cavalry |
| 19:57 | Create | Scout Cavalry |
| 19:58 | Create | Scout Cavalry |
| 20:28 | Create | Villager (Male) |
| 20:37 | Build | Mining Camp |
| 20:38 | Create | Villager (Male) |
| 21:45 | Research | Wheelbarrow |
| 21:45 | Research | Wheelbarrow |
| 21:55 | Build | House |
| 22:51 | Create | Villager (Male) |
| 22:57 | Build | Farm |
| 23:00 | Build | Farm |
| 23:18 | Create | Villager (Male) |
| 24:10 | Research | Castle Age |
| 24:10 | Research | Castle Age |
| 24:22 | Build | Building 796 |
| 24:28 | Build | Stable |
| 24:39 | Build | Farm |
| 25:22 | Research | Gold Mining |
| 25:22 | Research | Gold Mining |
| 25:24 | Create | Villager (Male) |
| 26:50 | Age | Castle Age |
| 26:53 | Create | Knight |
| 26:53 | Create | Knight |
| 26:54 | Create | Knight |
| 26:55 | Research | Chain Barding Armor |
| 26:56 | Research | Chain Barding Armor |
| 26:56 | Create | Villager (Male) |
| 27:15 | Research | Husbandry |
| 27:19 | Research | Iron Casting |
Build order — Valle
First 150 of 350 actions detected
| 0:00 | Create | Villager (Male) |
| 0:01 | Create | Villager (Male) |
| 0:02 | Build | House |
| 0:02 | Create | Villager (Male) |
| 0:03 | Build | House |
| 0:04 | Create | Villager (Male) |
| 0:04 | Create | Villager (Male) |
| 1:22 | Create | Villager (Male) |
| 1:22 | Create | Villager (Male) |
| 1:43 | Build | Lumber Camp |
| 1:48 | Create | Villager (Male) |
| 2:21 | Create | Villager (Male) |
| 2:48 | Create | Villager (Male) |
| 2:48 | Create | Villager (Male) |
| 3:09 | Create | Villager (Male) |
| 3:36 | Create | Villager (Male) |
| 3:37 | Create | Villager (Male) |
| 3:52 | Build | House |
| 3:57 | Create | Villager (Male) |
| 3:58 | Create | Villager (Male) |
| 4:21 | Create | Villager (Male) |
| 4:40 | Create | Villager (Male) |
| 4:40 | Create | Villager (Male) |
| 5:25 | Research | Loom |
| 5:30 | Build | Mining Camp |
| 6:14 | Research | Feudal Age |
| 6:15 | Research | Feudal Age |
| 7:10 | Build | Barracks |
| 7:34 | Build | House |
| 7:53 | Create | Villager (Male) |
| 8:24 | Age | Feudal Age |
| 8:26 | Build | Archery Range |
| 8:29 | Create | Villager (Male) |
| 8:50 | Build | Archery Range |
| 8:53 | Create | Villager (Male) |
| 9:10 | Create | Archer |
| 9:24 | Create | Villager (Male) |
| 9:29 | Build | Mill |
| 9:38 | Create | Archer |
| 9:38 | Create | Archer |
| 9:46 | Build | House |
| 9:48 | Create | Archer |
| 9:48 | Create | Archer |
| 9:52 | Create | Villager (Male) |
| 10:01 | Create | Archer |
| 10:13 | Research | Town Watch |
| 10:16 | Create | Archer |
| 10:24 | Create | Villager (Male) |
| 10:29 | Build | House |
| 10:33 | Create | Archer |
| 10:42 | Build | House |
| 10:43 | Build | Palisade Wall |
| 10:51 | Create | Villager (Male) |
| 11:01 | Build | House |
| 11:03 | Build | Palisade Wall |
| 11:04 | Create | Archer |
| 11:09 | Create | Villager (Male) |
| 11:25 | Create | Archer |
| 11:40 | Create | Villager (Male) |
| 11:46 | Create | Archer |
| 11:46 | Create | Archer |
| 11:59 | Create | Villager (Male) |
| 12:15 | Build | Blacksmith |
| 12:19 | Create | Villager (Male) |
| 12:30 | Create | Archer |
| 12:30 | Create | Archer |
| 12:35 | Build | Palisade Wall |
| 12:40 | Create | Villager (Male) |
| 12:45 | Build | House |
| 12:47 | Create | Archer |
| 12:48 | Create | Archer |
| 12:55 | Build | Palisade Gate |
| 12:56 | Build | Palisade Wall |
| 13:03 | Research | Fletching |
| 13:04 | Create | Archer |
| 13:04 | Create | Archer |
| 13:06 | Create | Villager (Male) |
| 13:15 | Create | Archer |
| 13:15 | Create | Archer |
| 13:32 | Build | Farm |
| 13:32 | Create | Villager (Male) |
| 13:33 | Create | Villager (Male) |
| 13:35 | Create | Archer |
| 13:35 | Create | Archer |
| 13:44 | Create | Archer |
| 13:44 | Create | Archer |
| 13:44 | Create | Archer |
| 13:53 | Create | Villager (Male) |
| 14:03 | Build | Farm |
| 14:09 | Create | Archer |
| 14:10 | Create | Archer |
| 14:13 | Create | Villager (Male) |
| 14:14 | Create | Villager (Male) |
| 14:20 | Build | House |
| 14:22 | Create | Villager (Male) |
| 14:26 | Create | Archer |
| 14:26 | Create | Archer |
| 14:36 | Build | Farm |
| 15:04 | Create | Archer |
| 15:04 | Create | Archer |
| 15:12 | Create | Villager (Male) |
| 15:36 | Create | Villager (Male) |
| 15:38 | Build | Farm |
| 15:39 | Build | Farm |
| 15:40 | Build | Farm |
| 15:41 | Build | Farm |
| 15:43 | Build | Farm |
| 15:49 | Create | Archer |
| 15:49 | Create | Archer |
| 15:49 | Create | Archer |
| 15:56 | Build | House |
| 16:05 | Build | House |
| 16:12 | Create | Archer |
| 16:12 | Create | Archer |
| 16:14 | Create | Villager (Male) |
| 16:24 | Build | Farm |
| 16:36 | Create | Villager (Male) |
| 16:41 | Create | Archer |
| 16:44 | Build | House |
| 16:49 | Create | Archer |
| 17:04 | Create | Villager (Male) |
| 17:06 | Build | Farm |
| 17:13 | Create | Archer |
| 17:18 | Build | Palisade Wall |
| 17:20 | Build | Palisade Wall |
| 17:25 | Build | House |
| 17:27 | Create | Villager (Male) |
| 17:29 | Create | Archer |
| 17:45 | Create | Archer |
| 17:51 | Create | Villager (Male) |
| 18:09 | Create | Archer |
| 18:30 | Create | Villager (Male) |
| 18:35 | Build | Market |
| 18:39 | Build | Palisade Wall |
| 18:41 | Build | Palisade Wall |
| 18:53 | Create | Archer |
| 18:54 | Create | Archer |
| 18:54 | Create | Villager (Male) |
| 19:05 | Create | Archer |
| 19:17 | Build | Farm |
| 19:26 | Research | Castle Age |
| 19:26 | Research | Castle Age |
| 19:31 | Create | Archer |
| 19:31 | Create | Archer |
| 19:42 | Build | Palisade Wall |
| 19:56 | Research | Padded Archer Armor |
| 20:01 | Build | Lumber Camp |
| 20:02 | Create | Villager (Male) |
| 20:05 | Create | Archer |
| 20:06 | Create | Archer |
Build order — 油布丁
First 150 of 322 actions detected
| 0:01 | Research | Loom |
| 0:02 | Build | House |
| 0:02 | Build | House |
| 0:14 | Create | Villager (Male) |
| 0:16 | Create | Villager (Male) |
| 0:18 | Create | Villager (Male) |
| 0:18 | Create | Villager (Male) |
| 1:15 | Create | Villager (Male) |
| 1:15 | Create | Villager (Male) |
| 1:47 | Create | Villager (Male) |
| 1:47 | Create | Villager (Male) |
| 2:08 | Build | Lumber Camp |
| 2:17 | Create | Villager (Male) |
| 2:17 | Create | Villager (Male) |
| 2:35 | Create | Villager (Male) |
| 2:55 | Create | Villager (Male) |
| 2:55 | Create | Villager (Male) |
| 3:17 | Create | Villager (Male) |
| 3:18 | Create | Villager (Male) |
| 3:40 | Create | Villager (Male) |
| 3:40 | Create | Villager (Male) |
| 3:54 | Build | House |
| 4:15 | Create | Villager (Male) |
| 4:15 | Create | Villager (Male) |
| 5:00 | Create | Villager (Male) |
| 5:00 | Create | Villager (Male) |
| 5:31 | Build | Mining Camp |
| 5:33 | Create | Villager (Male) |
| 5:43 | Create | Villager (Male) |
| 6:35 | Research | Feudal Age |
| 6:35 | Research | Feudal Age |
| 6:36 | Research | Feudal Age |
| 7:14 | Build | Palisade Wall |
| 7:15 | Build | Palisade Wall |
| 7:16 | Build | Palisade Wall |
| 7:34 | Build | House |
| 7:49 | Build | Barracks |
| 8:31 | Create | Villager (Male) |
| 8:51 | Age | Feudal Age |
| 8:53 | Build | Archery Range |
| 9:03 | Build | Archery Range |
| 9:07 | Create | Villager (Male) |
| 9:26 | Create | Villager (Male) |
| 9:39 | Research | Double-Bit Axe |
| 9:44 | Create | Villager (Male) |
| 9:44 | Create | Villager (Male) |
| 9:47 | Create | Archer |
| 10:03 | Build | House |
| 10:04 | Build | House |
| 10:09 | Create | Archer |
| 10:12 | Create | Villager (Male) |
| 10:12 | Create | Villager (Male) |
| 10:30 | Create | Archer |
| 10:39 | Build | Blacksmith |
| 10:42 | Create | Archer |
| 10:49 | Create | Villager (Male) |
| 10:49 | Create | Villager (Male) |
| 11:01 | Create | Spearman |
| 11:08 | Create | Villager (Male) |
| 11:16 | Create | Archer |
| 11:16 | Create | Archer |
| 11:31 | Research | Fletching |
| 11:31 | Research | Fletching |
| 11:39 | Build | Mill |
| 11:53 | Create | Villager (Male) |
| 11:53 | Create | Villager (Male) |
| 12:00 | Create | Archer |
| 12:00 | Create | Archer |
| 12:19 | Build | House |
| 12:19 | Build | House |
| 12:23 | Build | House |
| 12:26 | Create | Villager (Male) |
| 12:28 | Create | Archer |
| 12:40 | Create | Villager (Male) |
| 12:41 | Create | Villager (Male) |
| 12:41 | Create | Archer |
| 12:51 | Build | Farm |
| 12:52 | Build | Farm |
| 12:57 | Build | House |
| 12:58 | Build | House |
| 12:58 | Build | House |
| 13:12 | Create | Archer |
| 13:33 | Create | Spearman |
| 13:33 | Create | Villager (Male) |
| 13:34 | Create | Archer |
| 13:42 | Create | Villager (Male) |
| 13:44 | Create | Villager (Male) |
| 13:45 | Create | Villager (Male) |
| 13:56 | Create | Spearman |
| 13:58 | Create | Villager (Male) |
| 13:58 | Create | Villager (Male) |
| 13:58 | Create | Villager (Male) |
| 14:01 | Build | Farm |
| 14:09 | Create | Archer |
| 14:10 | Create | Archer |
| 14:13 | Create | Villager (Male) |
| 14:13 | Create | Villager (Male) |
| 14:30 | Create | Archer |
| 14:31 | Create | Archer |
| 15:02 | Create | Spearman |
| 15:07 | Create | Villager (Male) |
| 15:07 | Create | Villager (Male) |
| 15:08 | Create | Villager (Male) |
| 15:09 | Build | Farm |
| 15:11 | Build | Farm |
| 15:11 | Build | Farm |
| 15:25 | Create | Spearman |
| 15:32 | Create | Archer |
| 15:32 | Create | Archer |
| 15:42 | Build | Farm |
| 15:51 | Create | Villager (Male) |
| 16:03 | Create | Archer |
| 16:04 | Create | Archer |
| 16:19 | Create | Villager (Male) |
| 16:22 | Build | Farm |
| 16:28 | Build | Palisade Wall |
| 16:41 | Research | Scale Mail Armor |
| 16:44 | Build | Farm |
| 16:47 | Create | Villager (Male) |
| 16:48 | Create | Archer |
| 16:48 | Create | Archer |
| 17:01 | Create | Villager (Male) |
| 17:13 | Create | Villager (Male) |
| 17:15 | Build | Farm |
| 17:15 | Build | Farm |
| 17:18 | Create | Archer |
| 17:18 | Create | Archer |
| 17:26 | Build | House |
| 17:26 | Build | House |
| 17:41 | Research | Wheelbarrow |
| 17:41 | Research | Wheelbarrow |
| 17:48 | Create | Archer |
| 17:48 | Create | Archer |
| 17:53 | Build | Farm |
| 18:23 | Create | Villager (Male) |
| 18:33 | Create | Archer |
| 19:00 | Create | Archer |
| 19:00 | Create | Archer |
| 19:23 | Build | Farm |
| 19:23 | Build | Farm |
| 19:23 | Build | Farm |
| 19:24 | Build | Farm |
| 19:24 | Create | Villager (Male) |
| 19:24 | Create | Villager (Male) |
| 20:36 | Research | Castle Age |
| 20:36 | Research | Castle Age |
| 20:38 | Create | Archer |
| 20:38 | Create | Archer |
| 20:51 | Research | Gold Mining |
| 20:51 | Research | Gold Mining |
Build order — Aoenoob
First 150 of 153 actions detected
| 0:07 | Build | House |
| 0:09 | Build | House |
| 0:09 | Create | Villager (Male) |
| 0:09 | Create | Villager (Male) |
| 0:09 | Create | Villager (Male) |
| 0:10 | Create | Villager (Male) |
| 0:10 | Create | Villager (Male) |
| 1:37 | Create | Villager (Male) |
| 1:37 | Create | Villager (Male) |
| 2:00 | Build | Palisade Wall |
| 2:05 | Build | Palisade Wall |
| 2:10 | Create | Villager (Male) |
| 2:10 | Create | Villager (Male) |
| 2:10 | Create | Villager (Male) |
| 2:14 | Build | Palisade Wall |
| 2:28 | Build | Lumber Camp |
| 2:43 | Create | Villager (Male) |
| 2:43 | Create | Villager (Male) |
| 2:43 | Create | Villager (Male) |
| 3:03 | Create | Villager (Male) |
| 3:03 | Create | Villager (Male) |
| 3:12 | Research | Loom |
| 3:13 | Create | Villager (Male) |
| 3:13 | Create | Villager (Male) |
| 3:46 | Build | Palisade Wall |
| 3:50 | Build | Palisade Wall |
| 3:52 | Build | Palisade Wall |
| 3:53 | Build | Palisade Wall |
| 3:54 | Create | Villager (Male) |
| 3:54 | Create | Villager (Male) |
| 4:07 | Build | Palisade Wall |
| 4:28 | Build | Palisade Wall |
| 4:28 | Build | Palisade Wall |
| 4:29 | Build | Palisade Wall |
| 4:31 | Build | Palisade Wall |
| 4:34 | Create | Villager (Male) |
| 4:34 | Create | Villager (Male) |
| 4:35 | Create | Villager (Male) |
| 5:08 | Build | Palisade Wall |
| 5:21 | Build | Palisade Wall |
| 5:22 | Build | Palisade Wall |
| 5:23 | Build | Palisade Wall |
| 5:25 | Build | Palisade Wall |
| 5:41 | Create | Villager (Male) |
| 5:41 | Create | Villager (Male) |
| 5:46 | Build | House |
| 5:49 | Build | Barracks |
| 6:06 | Build | House |
| 6:20 | Build | Mining Camp |
| 6:24 | Build | Mining Camp |
| 6:27 | Create | Villager (Male) |
| 6:41 | Create | Militia |
| 6:41 | Create | Militia |
| 6:56 | Create | Villager (Male) |
| 6:56 | Create | Villager (Male) |
| 7:19 | Build | Mill |
| 7:26 | Create | Militia |
| 7:38 | Build | House |
| 7:44 | Create | Villager (Male) |
| 7:53 | Create | Villager (Male) |
| 8:25 | Create | Militia |
| 8:30 | Build | Palisade Wall |
| 8:31 | Build | Palisade Wall |
| 8:32 | Build | Palisade Wall |
| 8:40 | Create | Villager (Male) |
| 8:40 | Create | Villager (Male) |
| 9:11 | Create | Villager (Male) |
| 9:11 | Create | Villager (Male) |
| 9:25 | Create | Villager (Male) |
| 9:32 | Build | House |
| 9:36 | Build | Mill |
| 10:00 | Build | Palisade Wall |
| 10:01 | Build | Palisade Wall |
| 10:06 | Create | Villager (Male) |
| 10:28 | Create | Villager (Male) |
| 11:10 | Build | Farm |
| 11:12 | Build | Farm |
| 11:17 | Build | Farm |
| 11:19 | Create | Villager (Male) |
| 11:21 | Build | Farm |
| 11:33 | Build | Farm |
| 11:50 | Research | Feudal Age |
| 11:50 | Research | Feudal Age |
| 11:50 | Research | Feudal Age |
| 11:54 | Build | Mining Camp |
| 13:13 | Create | Villager (Male) |
| 14:00 | Age | Feudal Age |
| 14:07 | Build | Watch Tower |
| 14:10 | Create | Villager (Male) |
| 14:41 | Build | Palisade Wall |
| 14:42 | Build | Palisade Wall |
| 14:43 | Build | Palisade Wall |
| 14:51 | Build | Palisade Wall |
| 15:02 | Create | Villager (Male) |
| 15:02 | Create | Villager (Male) |
| 15:04 | Research | Wheelbarrow |
| 15:04 | Research | Wheelbarrow |
| 15:04 | Research | Wheelbarrow |
| 15:06 | Create | Villager (Male) |
| 15:10 | Build | Farm |
| 15:14 | Build | Palisade Wall |
| 15:15 | Build | Palisade Wall |
| 15:16 | Build | Palisade Wall |
| 15:16 | Build | Palisade Wall |
| 15:25 | Build | Watch Tower |
| 15:50 | Build | Blacksmith |
| 16:11 | Create | Villager (Male) |
| 16:25 | Build | House |
| 16:29 | Build | House |
| 16:36 | Build | Farm |
| 16:39 | Create | Villager (Male) |
| 17:23 | Create | Villager (Male) |
| 17:28 | Build | Farm |
| 17:42 | Build | Market |
| 17:49 | Create | Villager (Male) |
| 18:34 | Research | Castle Age |
| 18:34 | Research | Castle Age |
| 18:43 | Build | Watch Tower |
| 18:45 | Research | Fletching |
| 18:45 | Research | Fletching |
| 19:19 | Build | Watch Tower |
| 20:28 | Create | Villager (Male) |
| 20:30 | Build | Watch Tower |
| 20:42 | Create | Villager (Male) |
| 21:14 | Age | Castle Age |
| 21:16 | Research | Bodkin Arrow |
| 21:17 | Research | Bodkin Arrow |
| 21:32 | Create | Villager (Male) |
| 21:34 | Research | Double-Bit Axe |
| 21:34 | Research | Double-Bit Axe |
| 21:54 | Build | University |
| 22:17 | Build | Mining Camp |
| 22:21 | Research | Stone Mining |
| 22:21 | Research | Stone Mining |
| 22:37 | Create | Villager (Male) |
| 23:02 | Research | Guard Tower (upgrade) |
| 23:11 | Build | Watch Tower |
| 23:22 | Create | Villager (Male) |
| 23:24 | Create | Villager (Male) |
| 23:24 | Create | Villager (Male) |
| 24:42 | Create | Villager (Male) |
| 25:08 | Build | Castle |
| 25:14 | Research | Bow Saw |
| 25:14 | Research | Bow Saw |
| 25:16 | Build | Lumber Camp |
| 25:41 | Build | Palisade Wall |
| 27:28 | Build | Watch Tower |
| 30:25 | Build | Palisade Wall |
| 31:21 | Build | Stone Wall |
| 31:28 | Build | Stone Wall |
Build order — ANKR.ice cream
First 150 of 384 actions detected
| 0:01 | Create | Villager (Male) |
| 0:01 | Create | Villager (Male) |
| 0:01 | Create | Villager (Male) |
| 0:02 | Build | House |
| 0:08 | Create | Villager (Male) |
| 0:08 | Create | Villager (Male) |
| 1:43 | Create | Villager (Male) |
| 1:43 | Create | Villager (Male) |
| 2:06 | Build | House |
| 2:10 | Create | Villager (Male) |
| 2:10 | Create | Villager (Male) |
| 2:24 | Build | Lumber Camp |
| 2:27 | Create | Villager (Male) |
| 2:28 | Create | Villager (Male) |
| 2:40 | Build | House |
| 2:45 | Create | Villager (Male) |
| 3:09 | Create | Villager (Male) |
| 3:09 | Create | Villager (Male) |
| 3:18 | Create | Villager (Male) |
| 3:18 | Create | Villager (Male) |
| 3:51 | Create | Villager (Male) |
| 3:51 | Create | Villager (Male) |
| 4:31 | Build | Mill |
| 4:34 | Create | Villager (Male) |
| 4:35 | Create | Villager (Male) |
| 4:51 | Create | Villager (Male) |
| 4:51 | Create | Villager (Male) |
| 5:16 | Create | Villager (Male) |
| 5:21 | Create | Villager (Male) |
| 5:22 | Create | Villager (Male) |
| 5:48 | Research | Loom |
| 6:40 | Research | Feudal Age |
| 6:40 | Research | Feudal Age |
| 7:25 | Build | Barracks |
| 7:40 | Build | Palisade Wall |
| 7:53 | Create | Villager (Male) |
| 8:03 | Build | House |
| 8:49 | Build | House |
| 8:55 | Age | Feudal Age |
| 9:08 | Build | Stable |
| 9:12 | Research | Double-Bit Axe |
| 9:13 | Create | Villager (Male) |
| 9:27 | Create | Villager (Male) |
| 9:35 | Build | Farm |
| 9:42 | Build | Farm |
| 9:49 | Create | Villager (Male) |
| 9:53 | Create | Scout Cavalry |
| 9:54 | Create | Scout Cavalry |
| 9:58 | Build | Palisade Wall |
| 10:14 | Research | Horse Collar |
| 10:27 | Create | Villager (Male) |
| 10:27 | Create | Villager (Male) |
| 10:32 | Build | Farm |
| 10:42 | Create | Scout Cavalry |
| 10:53 | Create | Villager (Male) |
| 10:53 | Create | Villager (Male) |
| 10:54 | Build | Farm |
| 10:58 | Build | Palisade Wall |
| 11:04 | Create | Villager (Male) |
| 11:04 | Create | Villager (Male) |
| 11:27 | Create | Scout Cavalry |
| 11:40 | Create | Villager (Male) |
| 11:45 | Build | House |
| 11:45 | Build | House |
| 11:49 | Create | Scout Cavalry |
| 12:04 | Research | Wheelbarrow |
| 12:12 | Build | Palisade Wall |
| 12:22 | Create | Villager (Male) |
| 12:25 | Build | Palisade Wall |
| 12:26 | Build | Palisade Wall |
| 12:26 | Build | Palisade Wall |
| 12:37 | Create | Scout Cavalry |
| 12:45 | Build | Palisade Wall |
| 12:48 | Create | Villager (Male) |
| 12:50 | Build | Palisade Wall |
| 12:51 | Build | Palisade Wall |
| 12:52 | Build | Palisade Wall |
| 12:52 | Build | Palisade Wall |
| 12:56 | Build | Farm |
| 13:04 | Create | Scout Cavalry |
| 13:18 | Build | Blacksmith |
| 13:22 | Create | Scout Cavalry |
| 13:39 | Create | Villager (Male) |
| 13:46 | Create | Villager (Male) |
| 13:48 | Build | Farm |
| 13:49 | Build | Farm |
| 14:02 | Create | Villager (Male) |
| 14:04 | Build | Farm |
| 14:21 | Research | Scale Barding Armor |
| 14:21 | Create | Villager (Male) |
| 14:25 | Build | Farm |
| 14:25 | Build | Farm |
| 14:36 | Create | Villager (Male) |
| 14:52 | Create | Villager (Male) |
| 15:08 | Create | Scout Cavalry |
| 15:27 | Create | Scout Cavalry |
| 15:30 | Create | Villager (Male) |
| 15:30 | Create | Villager (Male) |
| 15:46 | Build | Farm |
| 15:46 | Build | Farm |
| 15:46 | Build | Farm |
| 15:46 | Build | Farm |
| 15:47 | Build | Farm |
| 15:47 | Build | Farm |
| 15:47 | Build | Farm |
| 15:52 | Create | Scout Cavalry |
| 15:52 | Create | Villager (Male) |
| 15:53 | Create | Villager (Male) |
| 15:53 | Create | Villager (Male) |
| 16:03 | Build | Farm |
| 16:12 | Build | House |
| 16:18 | Create | Scout Cavalry |
| 16:18 | Create | Villager (Male) |
| 16:18 | Create | Villager (Male) |
| 16:18 | Create | Villager (Male) |
| 16:24 | Create | Villager (Male) |
| 16:25 | Create | Villager (Male) |
| 16:40 | Build | Farm |
| 16:49 | Build | Mining Camp |
| 16:51 | Create | Villager (Male) |
| 17:08 | Create | Scout Cavalry |
| 17:12 | Build | House |
| 17:17 | Build | Farm |
| 17:24 | Create | Villager (Male) |
| 17:25 | Create | Scout Cavalry |
| 17:50 | Create | Scout Cavalry |
| 17:52 | Create | Villager (Male) |
| 17:54 | Build | Farm |
| 18:13 | Build | Farm |
| 18:17 | Create | Villager (Male) |
| 18:18 | Research | Bloodlines |
| 18:36 | Create | Villager (Male) |
| 18:39 | Build | Farm |
| 19:03 | Create | Scout Cavalry |
| 19:04 | Create | Villager (Male) |
| 19:20 | Create | Scout Cavalry |
| 19:21 | Build | Farm |
| 19:21 | Build | Farm |
| 19:22 | Build | Farm |
| 19:31 | Create | Villager (Male) |
| 19:37 | Build | Farm |
| 20:08 | Build | Lumber Camp |
| 20:11 | Build | House |
| 20:22 | Research | Castle Age |
| 20:22 | Research | Castle Age |
| 20:25 | Create | Scout Cavalry |
| 20:40 | Create | Scout Cavalry |
| 21:04 | Build | Watch Tower |
| 21:21 | Create | Scout Cavalry |
| 21:38 | Build | Stable |
Build order — yclin124
First 150 of 240 actions detected
| 0:01 | Create | Villager (Male) |
| 0:02 | Create | Villager (Male) |
| 0:05 | Build | House |
| 0:06 | Build | House |
| 0:26 | Create | Villager (Male) ×2 |
| 1:43 | Create | Villager (Male) |
| 1:53 | Create | Villager (Male) |
| 2:32 | Create | Villager (Male) |
| 2:32 | Create | Villager (Male) |
| 3:07 | Build | Lumber Camp |
| 3:24 | Create | Villager (Male) |
| 3:24 | Create | Villager (Male) |
| 3:44 | Build | House |
| 3:53 | Create | Villager (Male) |
| 3:53 | Create | Villager (Male) |
| 3:53 | Create | Villager (Male) |
| 4:04 | Create | Villager (Male) |
| 4:55 | Create | Villager (Male) |
| 5:00 | Create | Villager (Male) |
| 5:00 | Create | Villager (Male) |
| 5:10 | Build | Mill |
| 5:45 | Create | Villager (Male) |
| 5:45 | Research | Loom |
| 7:14 | Research | Feudal Age |
| 7:14 | Research | Feudal Age |
| 8:54 | Build | House |
| 9:18 | Build | House |
| 9:24 | Age | Feudal Age |
| 9:25 | Build | Stable |
| 9:33 | Create | Villager (Male) |
| 9:34 | Research | Double-Bit Axe |
| 9:36 | Create | Villager (Male) |
| 9:42 | Build | Blacksmith |
| 9:43 | Build | Palisade Wall |
| 9:49 | Create | Villager (Male) |
| 9:54 | Create | Villager (Male) |
| 9:58 | Build | Farm |
| 10:00 | Build | Farm |
| 10:01 | Build | Farm |
| 10:04 | Create | Villager (Male) |
| 10:10 | Build | Palisade Wall |
| 10:11 | Build | Palisade Wall |
| 10:13 | Build | Palisade Wall |
| 10:25 | Create | Scout Cavalry |
| 10:35 | Create | Scout Cavalry |
| 10:43 | Create | Villager (Male) |
| 11:03 | Create | Villager (Male) |
| 11:13 | Create | Scout Cavalry |
| 11:18 | Build | Farm |
| 11:19 | Build | Farm |
| 11:23 | Create | Villager (Male) |
| 11:43 | Research | Forging |
| 11:46 | Build | Farm |
| 11:51 | Build | Farm |
| 11:52 | Build | Farm |
| 12:03 | Create | Scout Cavalry |
| 12:05 | Create | Villager (Male) |
| 12:13 | Create | Villager (Male) |
| 12:18 | Build | Farm |
| 12:29 | Create | Scout Cavalry |
| 12:30 | Create | Scout Cavalry |
| 12:36 | Build | House |
| 12:54 | Create | Villager (Male) |
| 12:58 | Research | Horse Collar |
| 12:58 | Research | Horse Collar |
| 13:12 | Create | Scout Cavalry |
| 13:19 | Create | Villager (Male) |
| 13:24 | Build | Farm |
| 13:36 | Create | Villager (Male) |
| 13:38 | Create | Scout Cavalry |
| 13:41 | Create | Villager (Male) |
| 13:50 | Build | Farm |
| 14:05 | Create | Scout Cavalry |
| 14:06 | Create | Villager (Male) |
| 14:09 | Build | Farm |
| 14:12 | Build | House |
| 14:17 | Build | House |
| 14:30 | Create | Villager (Male) |
| 14:42 | Create | Scout Cavalry |
| 14:50 | Create | Villager (Male) |
| 14:53 | Build | Lumber Camp |
| 14:57 | Create | Scout Cavalry |
| 15:08 | Create | Villager (Male) |
| 15:23 | Create | Scout Cavalry |
| 15:23 | Create | Scout Cavalry |
| 15:33 | Create | Scout Cavalry |
| 15:59 | Create | Scout Cavalry |
| 16:00 | Create | Villager (Male) |
| 16:05 | Build | Farm |
| 16:08 | Build | Farm |
| 16:15 | Create | Villager (Male) |
| 16:20 | Build | Stable |
| 16:21 | Create | Villager (Male) |
| 16:24 | Build | Farm |
| 16:25 | Build | Farm |
| 16:27 | Build | Farm |
| 16:33 | Create | Scout Cavalry |
| 16:44 | Create | Villager (Male) |
| 16:52 | Build | Farm |
| 16:54 | Build | Farm |
| 17:00 | Build | Palisade Wall |
| 17:05 | Build | Farm |
| 17:06 | Build | Farm |
| 17:10 | Build | Mining Camp |
| 17:15 | Create | Scout Cavalry |
| 17:26 | Build | Palisade Wall |
| 17:29 | Build | Palisade Wall |
| 17:34 | Create | Scout Cavalry |
| 17:34 | Create | Scout Cavalry |
| 17:39 | Build | House |
| 17:41 | Build | House |
| 17:46 | Build | House |
| 17:57 | Create | Scout Cavalry |
| 18:03 | Create | Scout Cavalry |
| 18:28 | Create | Scout Cavalry |
| 18:28 | Create | Scout Cavalry |
| 18:33 | Create | Scout Cavalry |
| 18:43 | Create | Scout Cavalry |
| 18:52 | Create | Scout Cavalry |
| 18:56 | Create | Villager (Male) |
| 18:56 | Create | Villager (Male) |
| 19:02 | Build | Market |
| 19:15 | Create | Scout Cavalry |
| 19:19 | Create | Villager (Male) |
| 19:20 | Create | Villager (Male) |
| 19:29 | Research | Scale Barding Armor |
| 19:29 | Research | Scale Barding Armor |
| 19:49 | Create | Villager (Male) |
| 20:04 | Create | Scout Cavalry |
| 20:21 | Research | Bloodlines |
| 20:21 | Research | Bloodlines |
| 20:45 | Build | Farm |
| 20:46 | Build | Farm |
| 20:47 | Build | Farm |
| 20:49 | Build | Farm |
| 20:52 | Create | Villager (Male) |
| 20:52 | Create | Villager (Male) |
| 21:53 | Build | Farm |
| 21:54 | Build | Farm |
| 21:58 | Build | Farm |
| 22:21 | Research | Castle Age |
| 22:41 | Create | Scout Cavalry |
| 22:41 | Create | Scout Cavalry |
| 23:26 | Build | Farm |
| 24:16 | Build | Farm |
| 24:16 | Build | Farm |
| 24:19 | Create | Villager (Male) |
| 24:56 | Build | Lumber Camp |
| 24:58 | Build | Stable |
| 25:01 | Age | Castle Age |
Build order — [TNT] KKKFFFFFFCC
First 150 of 330 actions detected
| 0:03 | Create | Villager (Male) |
| 0:03 | Create | Villager (Male) |
| 0:04 | Create | Villager (Male) |
| 0:04 | Create | Villager (Male) |
| 0:05 | Build | House |
| 0:06 | Build | House |
| 1:36 | Create | Villager (Male) |
| 1:36 | Create | Villager (Male) |
| 2:00 | Create | Villager (Male) |
| 2:00 | Create | Villager (Male) |
| 2:03 | Build | Lumber Camp |
| 2:26 | Create | Villager (Male) |
| 2:26 | Create | Villager (Male) |
| 2:37 | Create | Villager (Male) |
| 2:37 | Create | Villager (Male) |
| 2:52 | Create | Villager (Male) |
| 2:52 | Create | Villager (Male) |
| 3:43 | Create | Villager (Male) |
| 3:43 | Create | Villager (Male) |
| 3:50 | Build | House |
| 4:24 | Create | Villager (Male) |
| 4:24 | Create | Villager (Male) |
| 4:24 | Create | Villager (Male) |
| 4:47 | Create | Villager (Male) |
| 4:48 | Create | Villager (Male) |
| 5:26 | Research | Loom |
| 5:37 | Build | Mining Camp |
| 6:10 | Create | Villager (Male) |
| 6:47 | Research | Feudal Age |
| 7:06 | Build | Barracks |
| 7:08 | Build | House |
| 8:06 | Create | Villager (Male) |
| 8:07 | Create | Villager (Male) |
| 8:57 | Age | Feudal Age |
| 9:01 | Build | Archery Range |
| 9:03 | Build | Archery Range |
| 9:28 | Create | Villager (Male) |
| 9:32 | Build | House |
| 9:49 | Build | House |
| 9:55 | Create | Archer |
| 10:01 | Create | Archer |
| 10:08 | Build | Blacksmith |
| 10:11 | Create | Villager (Male) |
| 10:16 | Create | Archer |
| 10:18 | Create | Villager (Male) |
| 10:24 | Create | Archer |
| 10:31 | Build | House |
| 10:32 | Build | Palisade Wall |
| 10:37 | Create | Archer |
| 10:53 | Research | Fletching |
| 11:01 | Create | Villager (Male) |
| 11:08 | Create | Villager (Male) |
| 11:18 | Create | Archer |
| 11:19 | Create | Villager (Male) |
| 11:35 | Create | Archer |
| 11:43 | Build | House |
| 12:00 | Create | Villager (Male) |
| 12:04 | Build | Mill |
| 12:08 | Create | Archer |
| 12:09 | Create | Archer |
| 12:18 | Create | Archer |
| 12:26 | Build | Building 796 |
| 12:35 | Create | Archer |
| 12:37 | Create | Villager (Male) |
| 12:40 | Build | House |
| 12:41 | Build | Palisade Wall |
| 12:48 | Create | Archer |
| 12:49 | Create | Archer |
| 12:57 | Create | Villager (Male) |
| 13:01 | Build | Farm |
| 13:03 | Build | Farm |
| 13:26 | Create | Villager (Male) |
| 13:30 | Build | Farm |
| 13:33 | Build | House |
| 13:34 | Build | House |
| 13:43 | Create | Archer |
| 13:45 | Create | Villager (Male) |
| 13:47 | Build | Farm |
| 14:13 | Create | Villager (Male) |
| 14:20 | Build | Palisade Wall |
| 14:21 | Build | Palisade Wall |
| 14:22 | Build | Palisade Wall |
| 14:22 | Build | Palisade Wall |
| 14:26 | Create | Villager (Male) |
| 14:27 | Build | Farm |
| 14:28 | Build | Farm |
| 15:04 | Create | Archer |
| 15:06 | Create | Archer |
| 15:11 | Create | Villager (Male) |
| 15:17 | Create | Villager (Male) |
| 15:39 | Create | Villager (Male) |
| 15:40 | Create | Archer |
| 15:44 | Build | House |
| 15:44 | Build | Palisade Wall |
| 15:54 | Build | Farm |
| 15:54 | Build | Farm |
| 16:17 | Create | Villager (Male) |
| 16:18 | Create | Archer |
| 16:19 | Create | Archer |
| 16:25 | Build | House |
| 16:27 | Build | Palisade Wall |
| 16:33 | Build | Farm |
| 16:40 | Create | Villager (Male) |
| 16:52 | Create | Archer |
| 16:52 | Create | Archer |
| 16:59 | Build | Farm |
| 17:09 | Create | Villager (Male) |
| 17:17 | Create | Archer |
| 17:17 | Create | Archer |
| 17:40 | Create | Villager (Male) |
| 17:45 | Build | Lumber Camp |
| 17:53 | Build | House |
| 18:00 | Build | Palisade Wall |
| 18:04 | Create | Archer |
| 18:09 | Create | Villager (Male) |
| 18:16 | Create | Archer |
| 18:30 | Create | Archer |
| 18:30 | Create | Archer |
| 18:46 | Research | Castle Age |
| 18:47 | Research | Castle Age |
| 18:49 | Build | House |
| 18:50 | Build | Palisade Wall |
| 18:52 | Create | Archer |
| 18:56 | Build | House |
| 18:57 | Build | Palisade Wall |
| 19:01 | Create | Archer |
| 19:01 | Create | Archer |
| 19:19 | Research | Double-Bit Axe |
| 19:20 | Research | Double-Bit Axe |
| 19:35 | Research | Gold Mining |
| 19:37 | Create | Archer |
| 19:37 | Create | Archer |
| 19:52 | Create | Archer |
| 19:52 | Create | Archer |
| 19:55 | Create | Villager (Male) |
| 19:58 | Build | House |
| 20:03 | Create | Archer |
| 20:09 | Research | Padded Archer Armor |
| 20:09 | Research | Padded Archer Armor |
| 20:11 | Create | Archer |
| 20:12 | Create | Archer |
| 21:17 | Create | Villager (Male) |
| 21:18 | Create | Archer |
| 21:18 | Create | Archer |
| 21:26 | Age | Castle Age |
| 21:32 | Research | Bodkin Arrow |
| 21:38 | Build | University |
| 21:48 | Research | Crossbowman (upgrade) |
| 21:53 | Create | Archer |
| 21:54 | Create | Archer |
Match timeline
| 2:00 | Aoenoob · wall_segment Palisade Wall x1 |
| 2:05 | Aoenoob · wall_segment Palisade Wall x1 |
| 2:14 | Aoenoob · wall_segment Palisade Wall x1 |
| 3:46 | Aoenoob · wall_segment Palisade Wall x1 |
| 3:50 | Aoenoob · wall_segment Palisade Wall x1 |
| 3:52 | Aoenoob · wall_segment Palisade Wall x1 |
| 3:53 | Aoenoob · wall_segment Palisade Wall x1 |
| 4:07 | Aoenoob · wall_segment Palisade Wall x1 |
| 4:28 | Aoenoob · wall_segment Palisade Wall x1 |
| 4:28 | Aoenoob · wall_segment Palisade Wall x1 |
| 4:29 | Aoenoob · wall_segment Palisade Wall x1 |
| 4:31 | Aoenoob · wall_segment Palisade Wall x2 |
| 5:08 | Aoenoob · wall_segment Palisade Wall x1 |
| 5:21 | Aoenoob · wall_segment Palisade Wall x1 |
| 5:22 | Aoenoob · wall_segment Palisade Wall x1 |
| 5:23 | Aoenoob · wall_segment Palisade Wall x1 |
| 5:25 | Aoenoob · wall_segment Palisade Wall x1 |
| 5:49 | Aoenoob · first_building Barracks |
| 7:06 | [TNT] KKKFFFFFFCC · first_building Barracks |
| 7:10 | Valle · first_building Barracks |
| 7:14 | 油布丁 · wall_segment Palisade Wall x1 |
| 7:15 | 油布丁 · wall_segment Palisade Wall x1 |
| 7:16 | 油布丁 · wall_segment Palisade Wall x1 |
| 7:25 | ANKR.ice cream · first_building Barracks |
| 7:34 | Nheltarion · first_building Barracks |
| 7:40 | ANKR.ice cream · wall_segment Palisade Wall x1 |
| 7:49 | 油布丁 · first_building Barracks |
| 8:24 | Valle · age_up feudal |
| 8:26 | Valle · first_building Archery Range |
| 8:30 | Aoenoob · wall_segment Palisade Wall x1 |
| 8:31 | Aoenoob · wall_segment Palisade Wall x1 |
| 8:32 | Nheltarion · age_up feudal |
| 8:32 | Aoenoob · wall_segment Palisade Wall x1 |
| 8:34 | Nheltarion · first_building Stable |
| 8:51 | 油布丁 · age_up feudal |
| 8:53 | 油布丁 · first_building Archery Range |
| 8:55 | ANKR.ice cream · age_up feudal |
| 8:57 | [TNT] KKKFFFFFFCC · age_up feudal |
| 9:01 | [TNT] KKKFFFFFFCC · first_building Archery Range |
| 9:06 | 小花土 · age_up feudal |
| 9:08 | ANKR.ice cream · first_building Stable |
| 9:09 | 小花土 · first_building Stable |
| 9:24 | yclin124 · age_up feudal |
| 9:25 | yclin124 · first_building Stable |
| 9:25 | Nheltarion · wall_segment Palisade Wall x2 |
| 9:27 | Nheltarion · wall_segment Palisade Wall x1 |
| 9:43 | yclin124 · wall_segment Palisade Wall x1 |
| 9:58 | ANKR.ice cream · wall_segment Palisade Wall x6 |
| 10:00 | Aoenoob · wall_segment Palisade Wall x1 |
| 10:01 | Aoenoob · wall_segment Palisade Wall x1 |
| 10:10 | yclin124 · wall_segment Palisade Wall x1 |
| 10:11 | yclin124 · wall_segment Palisade Wall x1 |
| 10:13 | yclin124 · wall_segment Palisade Wall x3 |
| 10:32 | [TNT] KKKFFFFFFCC · wall_segment Palisade Wall x2 |
| 10:43 | Valle · wall_segment Palisade Wall x1 |
| 10:58 | ANKR.ice cream · wall_segment Palisade Wall x2 |
| 11:02 | Nheltarion · wall_segment Palisade Wall x14 |
| 11:03 | Valle · wall_segment Palisade Wall x10 |
| 11:06 | 小花土 · wall_segment Palisade Wall x8 |
| 11:44 | Nheltarion · wall_segment Palisade Wall x5 |
| 12:12 | ANKR.ice cream · wall_segment Palisade Wall x6 |
| 12:25 | ANKR.ice cream · wall_segment Palisade Wall x7 |
| 12:26 | ANKR.ice cream · wall_segment Palisade Wall x1 |
| 12:26 | ANKR.ice cream · wall_segment Palisade Wall x1 |
| 12:35 | Valle · wall_segment Palisade Wall x1 |
| 12:41 | [TNT] KKKFFFFFFCC · wall_segment Palisade Wall x7 |
| 12:45 | ANKR.ice cream · wall_segment Palisade Wall x7 |
| 12:50 | ANKR.ice cream · wall_segment Palisade Wall x1 |
| 12:51 | ANKR.ice cream · wall_segment Palisade Wall x1 |
| 12:52 | ANKR.ice cream · wall_segment Palisade Wall x1 |
| 12:52 | ANKR.ice cream · wall_segment Palisade Wall x1 |
| 12:56 | Valle · wall_segment Palisade Wall x1 |
| 13:43 | Nheltarion · wall_segment Palisade Wall x4 |
| 14:00 | Aoenoob · age_up feudal |
| 14:20 | [TNT] KKKFFFFFFCC · wall_segment Palisade Wall x1 |
| 14:21 | [TNT] KKKFFFFFFCC · wall_segment Palisade Wall x4 |
| 14:22 | [TNT] KKKFFFFFFCC · wall_segment Palisade Wall x1 |
| 14:22 | [TNT] KKKFFFFFFCC · wall_segment Palisade Wall x1 |
| 14:41 | Aoenoob · wall_segment Palisade Wall x1 |
| 14:42 | Aoenoob · wall_segment Palisade Wall x1 |
| 14:43 | Aoenoob · wall_segment Palisade Wall x1 |
| 14:51 | Aoenoob · wall_segment Palisade Wall x1 |
| 15:14 | Aoenoob · wall_segment Palisade Wall x1 |
| 15:15 | Aoenoob · wall_segment Palisade Wall x1 |
| 15:16 | Aoenoob · wall_segment Palisade Wall x1 |
| 15:16 | Aoenoob · wall_segment Palisade Wall x1 |
| 15:30 | 小花土 · wall_segment Palisade Wall x5 |
| 15:44 | [TNT] KKKFFFFFFCC · wall_segment Palisade Wall x4 |
| 16:07 | 小花土 · wall_segment Palisade Wall x5 |
| 16:27 | [TNT] KKKFFFFFFCC · wall_segment Palisade Wall x4 |
| 16:28 | 油布丁 · wall_segment Palisade Wall x11 |
| 17:00 | yclin124 · wall_segment Palisade Wall x12 |
| 17:18 | Valle · wall_segment Palisade Wall x10 |
| 17:20 | Valle · wall_segment Palisade Wall x1 |
| 17:26 | yclin124 · wall_segment Palisade Wall x1 |
| 17:29 | yclin124 · wall_segment Palisade Wall x6 |
| 17:40 | 小花土 · wall_segment Palisade Wall x4 |
| 18:00 | [TNT] KKKFFFFFFCC · wall_segment Palisade Wall x13 |
| 18:39 | Valle · wall_segment Palisade Wall x1 |
| 18:41 | Valle · wall_segment Palisade Wall x1 |
| 18:50 | [TNT] KKKFFFFFFCC · wall_segment Palisade Wall x1 |
| 18:57 | [TNT] KKKFFFFFFCC · wall_segment Palisade Wall x1 |
| 19:28 | 小花土 · wall_segment Palisade Wall x8 |
| 19:42 | Valle · wall_segment Palisade Wall x1 |
| 19:45 | Nheltarion · wall_segment Palisade Wall x1 |
| 20:16 | Valle · first_market_buy 100 wood |
| 21:13 | yclin124 · first_market_sell 100 wood |
| 21:14 | Aoenoob · age_up castle |
| 21:14 | yclin124 · first_market_buy 100 food |
| 21:26 | [TNT] KKKFFFFFFCC · age_up castle |
| 21:52 | 小花土 · age_up castle |
| 22:06 | Valle · age_up castle |
| 22:53 | Aoenoob · first_market_buy 100 food |
| 23:02 | ANKR.ice cream · age_up castle |
| 23:16 | 油布丁 · age_up castle |
| 23:57 | 油布丁 · wall_segment Palisade Wall x1 |
| 23:58 | 油布丁 · wall_segment Palisade Wall x1 |
| 24:51 | Aoenoob · first_market_sell 100 wood |
| 25:01 | yclin124 · age_up castle |
| 25:08 | Aoenoob · first_building Castle |
| 25:41 | Aoenoob · wall_segment Palisade Wall x2 |
| 25:53 | 小花土 · wall_segment Palisade Wall x5 |
| 26:28 | 油布丁 · first_building Siege Workshop |
| 26:50 | Nheltarion · age_up castle |
| 27:52 | [TNT] KKKFFFFFFCC · first_building Monastery |
| 28:54 | 小花土 · wall_segment Palisade Wall x6 |
| 28:59 | [TNT] KKKFFFFFFCC · first_building Siege Workshop |
| 29:49 | yclin124 · wall_segment Stone Wall x1 |
| 29:51 | yclin124 · wall_segment Palisade Wall x1 |
| 30:25 | Aoenoob · wall_segment Palisade Wall x2 |
| 30:48 | ANKR.ice cream · wall_segment Stone Wall x1 |
| 31:21 | Aoenoob · wall_segment Stone Wall x1 |
| 31:28 | Aoenoob · wall_segment Stone Wall x3 |
| 31:31 | Aoenoob · wall_segment Stone Wall x1 |
| 31:52 | Aoenoob · wall_segment Stone Wall x1 |
| 32:12 | 油布丁 · first_building Monastery |
| 33:52 | Nheltarion · resign |
[ AI ANALYSIS · 1 CREDIT ]
What really happened in this match?
Wolo.gg analyzes every decision: build order, eco, micro, common mistakes by bracket. Personalized analysis on WhatsApp or Discord in 30 seconds.
Civ guide
Khmer
Perfil
Jugador #15725323